 Dungeon Sprint DCSS version 0.31-a0-1-g4198be8af4 (webtiles) character file.

Game seed: 11212988802407068002

23535 rocky1 the Executioner (level 13, -8/130 HPs)
             Began as a Hill Orc Fighter on May 2, 2023.
             Was the Champion of Cheibriados.
             Mangled by a phantasmal warrior (29 damage)
             ... summoned by a vampire mage
             ... in the Dungeon (Sprint VII: "The Pits").
             The game lasted 00:09:39 (3772 turns).

rocky1 the Executioner (Hill Orc Fighter)           Turns: 3772, Time: 00:09:40

Health: -8/130     AC: 14    Str: 35    XL:     13   Next: 7%
Magic:  8/25       EV: 24    Int: 27    God:    Cheibriados [******]
Gold:   76         SH: 10    Dex: 25    Spells: 19/25 levels left

rFire   . . .        a - +2 war axe (freeze)
rCold   . . .        c - +0 buckler
rNeg    . . .        b - +0 swamp dragon scales
rPois   +            u - +0 helmet
rElec   .            t - +0 cloak
rCorr   .            v - +0 pair of gloves
SInv    .            (no boots)
Will    .....        y - amulet of magic regeneration
Stlth   +            p - +3 ring of evasion
HPRegen 0.41/turn    q - +3 ring of evasion
MPRegen 0.59/turn

%: no teleportation
@: slowed, invisible, very slow
A: no striking features
a: Renounce Religion, Bend Time, Temporal Distortion, Slouch, Step From Time


You were in the Dungeon.
You worshipped Cheibriados.
Cheibriados was exalted by your worship.
You visited 1 branch You collected 76 gold pieces.

Inventory:

Hand Weapons
 a - a +2 war axe of freezing (weapon)
Missiles
 o - 3 poisoned darts
 x - 4 throwing nets (quivered)
Armour
 b - +0 swamp dragon scales (worn)
 c - a +0 buckler (worn)
 t - a +0 cloak (worn)
 u - a +0 helmet (worn)
 v - a +0 pair of gloves (worn)
Jewellery
 p - a +3 ring of evasion (left hand)
 q - a +3 ring of evasion (right hand)
 y - an amulet of magic regeneration (around neck)
Scrolls
 j - 3 scrolls of blinking
 l - 6 scrolls of amnesia
 m - a scroll of summoning
 w - a scroll of identify
 z - 6 scrolls of enchant armour
 A - a scroll of fog
Potions
 d - 3 potions of might
 e - 12 potions of curing
 f - 7 potions of heal wounds
 g - a potion of haste
 h - 3 potions of magic
 i - a potion of berserk rage
 k - a potion of invisibility
 n - 2 potions of brilliance
 r - 2 potions of resistance
 s - a potion of mutation


   Skills:
 + Level 16.3 Fighting
 + Level 21.4 Axes
 + Level 10.6 Armour
 + Level 7.7 Dodging
 + Level 18.5 Shields
 + Level 6.8 Spellcasting
 + Level 2.8 Translocations
 + Level 16.2 Invocations


You had 19 spell levels left.
You knew the following spells:

 Your Spells              Type           Power      Damage    Failure   Level
a - Manifold Assault      Tloc           24%        N/A       24%         4
b - Blink                 Tloc           48%        N/A       3%          2

Your spell library contained the following spells:

 Spells                   Type           Power      Damage    Failure   Level
 Poisonous Vapours        Pois/Air       18%        N/A       12%         2
 Mephitic Cloud           Conj/Pois/Air  9%         N/A       24%         3
 Freezing Cloud           Conj/Ice/Air   4%         6-21      91%         5
 Storm Form               Tmut/Air       4%         N/A       100%        7


Dungeon Overview and Level Annotations

Branches:
Dungeon (1/1)

Altars:
Ashenzari
Cheibriados
Dithmenos
Elyvilon
Fedhas
Gozag
Hepliaklqana
Kikubaaqudgha
Makhleb
Nemelex Xobeh
Okawaru
Qazlal
Ru
Sif Muna
Trog
Uskayaw
Vehumet
Wu Jian
Xom
Yredelemnul
Zin
The Shining One
Beogh
Jiyva
Lugonu


Message History

You block the phantasmal warrior's attack.
Something misses you.
You hear an angry hiss.
Unknown command.
You don't have enough magic at the moment.
Unknown command.
You slash the phantasmal warrior!
The phantasmal warrior is moderately damaged.
You closely miss something. You slash the phantasmal warrior!
You freeze the phantasmal warrior.
The phantasmal warrior is heavily damaged.
You hit something but do no damage. Something completely misses you.
You block the phantasmal warrior's attack.
You slash the phantasmal warrior!
The phantasmal warrior is severely damaged.
You miss something.
The phantasmal warrior completely misses you.
Something hits you! Something drains your vigour!
You feel yourself slow down.
You hit the phantasmal warrior.
The phantasmal warrior is severely damaged.
You slash something! You freeze something. The phantasmal warrior misses you.
Something hits you!
You closely miss the phantasmal warrior.
The phantasmal warrior is severely damaged.
You slash something! You freeze something. Something closely misses you.
The phantasmal warrior hits you!!
* * * LOW HITPOINT WARNING * * *
You hear some strange, mumbled words.
You hear an angry hiss.
Okay, then.
You feel much better.
You feel a little less mighty now. Something hits you!!
* * * LOW HITPOINT WARNING * * *
The phantasmal warrior closely misses you.
You hear some strange, mumbled words.
You fade into invisibility!
Something barely misses you.
You block the phantasmal warrior's attack.
Something barely misses you. The phantasmal warrior hits you!!
You die...

.........++......... ##
######..##..#....#. Z#
#..##......... f# #..##.........
c# #..####''####' .#
##..####''####' ☼#{#..##......##.
#########W##..##.#'##.##. #
........@.....##.#.)+.##. #
........).....##.'[.#.##. #
###++###########.#))'.##.
###########++###########.+..#.##.
##................##..## ##+#.##.
##......#..#......##..# ##.
##................''..# #.
.'................''..##########.
##......#..#......##............)


You could see a phantasmal warrior (summoned).

Vanquished Creatures
  Saint Roka (D)
  Gastronok (D)
  Agnes (D)
  2 hydras (D)
  Harold (D)
  A two-headed ogre (D)
  An alligator snapping turtle (D)
  An alligator (D)
  A death yak (D)
  An orc high priest (D)
  A shadow wraith (D)
  A fire crab (D)
  A sixfirhy (D)
  2 swamp dragons (D)
  A deep troll (D)
  A bog body (D)
  A wizard (D)
  A phantasmal warrior (D)
  A deep elf pyromancer (D)
  An orc knight (D)
  2 cyclopes (D)
  A manticore (D)
  A demonic crawler (D)
  An orange demon (D)
  A cane toad (D)
  A smoke demon (D)
  An unseen horror (D)
  A yaktaur (D)
  A rime drake (D)
  3 kobold demonologists (D)
  A guardian mummy (D)
  A troll (D)
  A polar bear (D)
  A snapping turtle (D)
  4 dream sheep (D)
  4 slime creatures (D)
  A vampire (D)
  2 wyverns (D)
  2 fire bats (D)
  A fire elemental (D)
  3 vampire mosquitoes (D)
  A floating eye (D)
  5 orc warriors (D)
  A black bear (D)
  An ice beast (D)
  5 wolves (D)
  A centaur (D)
  A bullfrog (D)
  2 scorpions (D)
  A kobold brigand (D)
  4 killer bees (D)
  A crimson imp (D)
  A quasit (D)
  3 orc priests (D)
  An iron imp (D)
  A gnoll bouda (D)
  2 orc wizards (D)
  An adder (D)
  5 gnolls (D)
  A white imp (D)
  An ufetubus (D)
  5 orcs (D)
  A bat skeleton (D)
  2 endoplasms (D)
  A giant cockroach (D)
  2 goblins (D)
  A hobgoblin (D)
  2 jackals (D)
  2 kobolds (D)
  A ball python (D)
  2 ball python skeletons (D)
  2 bats (D)
  A quokka skeleton (D)
  A rat (D)
118 creatures vanquished.

Vanquished Creatures (others)
  A wandering mushroom (D)
1 creature vanquished.

Grand Total: 119 creatures vanquished

Notes
Turn   | Place    | Note
-------+----------+-------------------------------------------
     0 | D        | rocky1 the Hill Orc Fighter began the quest for the Orb.
     0 | D        | Reached XP level 1. HP: 19/19 MP: 1/1
    15 | D        | Reached skill level 3 in Axes
    19 | D        | Found a bloodstained altar of Trog.
    19 | D        | Found a shimmering blue altar of Sif Muna.
    19 | D        | Found a viscous altar of Jiyva.
    19 | D        | Found a hazy altar of Hepliaklqana.
    19 | D        | Found an opulent altar of Gozag.
    20 | D        | Found a glowing golden altar of the Shining One.
    20 | D        | Found a glowing silver altar of Zin.
    20 | D        | Found a basalt altar of Yredelemnul.
    20 | D        | Found a shimmering altar of Xom.
    20 | D        | Found an ornate altar of the Wu Jian Council.
    20 | D        | Found a sacrificial altar of Ru.
    20 | D        | Found a stormy altar of Qazlal.
    20 | D        | Found an iron altar of Okawaru.
    20 | D        | Found a sparkling altar of Nemelex Xobeh.
    20 | D        | Found a burning altar of Makhleb.
    20 | D        | Found a blossoming altar of Fedhas.
    20 | D        | Found a white marble altar of Elyvilon.
    20 | D        | Found a shadowy altar of Dithmenos.
    20 | D        | Found a snail-covered altar of Cheibriados.
    24 | D        | Found a roughly hewn altar of Beogh.
    24 | D        | Found a corrupted altar of Lugonu.
    24 | D        | Found a radiant altar of Vehumet.
    25 | D        | Found a broken altar of Ashenzari.
    25 | D        | Found an ancient bone altar of Kikubaaqudgha.
    25 | D        | Found a hide-covered altar of Uskayaw.
    39 | D        | Became a worshipper of Cheibriados the Contemplative
    81 | D        | Reached * piety under Cheibriados
    90 | D        | Noticed a scorpion
    97 | D        | Killed a scorpion
    97 | D        | Reached ** piety under Cheibriados
    98 | D        | Reached skill level 5 in Fighting
    98 | D        | Reached skill level 7 in Axes
    98 | D        | Reached XP level 2. HP: 29/29 MP: 2/2
    98 | D        | Reached XP level 3. HP: 36/36 MP: 3/3
    98 | D        | Reached XP level 4. HP: 42/42 MP: 4/4
   340 | D        | Noticed a floating eye
   343 | D        | Reached *** piety under Cheibriados
   346 | D        | Killed a floating eye
   347 | D        | Reached skill level 9 in Axes
   347 | D        | Reached XP level 5. HP: 48/51 MP: 5/5
   352 | D        | Reached **** piety under Cheibriados
   499 | D        | Noticed a kobold brigand
   499 | D        | Noticed a fire bat
   501 | D        | Killed a fire bat
   501 | D        | Reached ***** piety under Cheibriados
   502 | D        | Reached skill level 11 in Axes
   502 | D        | Reached skill level 10 in Shields
   502 | D        | Reached XP level 6. HP: 61/61 MP: 0/9
   503 | D        | Reached XP level 7. HP: 69/69 MP: 0/10
   504 | D        | Reached ****** piety under Cheibriados
   505 | D        | Reached skill level 5 in Invocations
   714 | D        | Reached skill level 12 in Axes
   731 | D        | Noticed a demonic crawler
   744 | D        | Killed a demonic crawler
   745 | D        | Reached skill level 13 in Axes
   745 | D        | Reached XP level 8. HP: 36/78 MP: 11/13
  1017 | D        | Reached skill level 14 in Axes
  1293 | D        | Noticed a two-headed ogre
  1301 | D        | Killed a two-headed ogre
  1302 | D        | Reached skill level 10 in Fighting
  1302 | D        | Reached skill level 15 in Axes
  1302 | D        | Reached XP level 9. HP: 44/86 MP: 13/15
  1655 | D        | Noticed Gastronok
  1655 | D        | Noticed an orange demon
  1668 | D        | Killed an orange demon
  1680 | D        | Killed Gastronok
  1681 | D        | Reached skill level 17 in Axes
  1681 | D        | Reached skill level 10 in Invocations
  1946 | D        | Noticed a four-headed hydra
  1946 | D        | Noticed an orc knight
  1947 | D        | Reached XP level 10. HP: 89/97 MP: 11/18
  1950 | D        | Reached skill level 15 in Shields
  1953 | D        | Killed an orc knight
  1953 | D        | Killed a four-headed hydra
  1954 | D        | Reached skill level 18 in Axes
  2027 | D        | Noticed a deep elf pyromancer
  2034 | D        | Killed a deep elf pyromancer
  2035 | D        | Reached skill level 1 in Dodging
  2041 | D        | Reached skill level 1 in Spellcasting
  2047 | D        | Noticed a kobold demonologist
  2052 | D        | Killed a kobold demonologist
  2058 | D        | Noticed a swamp dragon
  2058 | D        | Noticed a cyclops
  2066 | D        | Killed a cyclops
  2076 | D        | Killed a swamp dragon
  2077 | D        | Reached skill level 19 in Axes
  2077 | D        | Reached skill level 5 in Armour
  2077 | D        | Reached XP level 11. HP: 93/107 MP: 14/20
  2081 | D        | Killed a shadow wraith
  2290 | D        | Noticed a deep troll
  2298 | D        | Killed a deep troll
  2301 | D        | Noticed an orc high priest
  2303 | D        | Noticed a sun demon
  2305 | D        | Killed an orc high priest
  2415 | D        | Noticed a phantasmal warrior
  2415 | D        | Noticed a death yak
  2415 | D        | Noticed a cyclops
  2415 | D        | Noticed a sixfirhy
  2415 | D        | Noticed a swamp dragon
  2416 | D        | Noticed a bog body
  2417 | D        | Killed a sixfirhy
  2419 | D        | Killed a phantasmal warrior
  2419 | D        | Killed a bog body
  2420 | D        | Reached skill level 20 in Axes
  2420 | D        | Reached skill level 5 in Dodging
  2421 | D        | Killed a death yak
  2425 | D        | Killed a swamp dragon
  2426 | D        | Reached XP level 12. HP: 86/118 MP: 7/22
  2739 | D        | Reached skill level 5 in Spellcasting
  2750 | D        | Reached skill level 15 in Fighting
  2967 | D        | Noticed Harold
  2979 | D        | Reached skill level 15 in Invocations
  2981 | D        | Killed Harold
  3063 | D        | Noticed an alligator
  3078 | D        | Killed an alligator
  3318 | D        | Noticed Saint Roka
  3336 | D        | Killed Saint Roka
  3337 | D        | Reached skill level 21 in Axes
  3658 | D        | Learned a level 4 spell: Manifold Assault
  3661 | D        | Learned a level 2 spell: Blink
  3704 | D        | Noticed Agnes
  3709 | D        | Noticed an alligator snapping turtle
  3710 | D        | Reached skill level 10 in Armour
  3719 | D        | Reached skill level 1 in Translocations
  3736 | D        | Killed an alligator snapping turtle
  3746 | D        | Killed Agnes
  3747 | D        | Reached XP level 13. HP: 45/129 MP: 25/25
  3772 | D        | Mangled by a phantasmal warrior

Illustrated notes

Levels and vault maps discovered:
D:        pitsprint [storerooms_1, entrance_room_1, metal_vault_1, armoury_2,
          mini_pit_1, grid_room_1, main_hall_1, silver_pit, the_coven_1,
          the_vestibule_1, steel_vault_4, golden_pit, hallway_of_sentries,
          crystal_vault_1, iron_vault_1, final_vault]

Skill      XL: |  1  2  3  4  5  6  7  8  9 10 11 12 |
---------------+-------------------------------------+-----
Axes           | 7 9 11 13 15 17 19 20 21 | 21.4
Fighting       | 5 6 8 9 10 11 13 14 16 | 16.3
Shields        | 6 8 10 11 13 14 16 17 18 | 18.5
Invocations    | 4 6 8 10 12 14 16 | 16.2
Dodging        | 2 5 7 |  7.7
Spellcasting   | 2 4 6 |  6.8
Armour         | 5 8 10 | 10.6
Translocations | 2 |  2.8

Action                     |  1- 3 |  4- 6 |  7- 9 | 10-12 | 13-15 || total
---------------------------+-------+-------+-------+-------+-------++-------
  Melee: War axe           |    14 |    10 |    18 |   145 |    14 ||   201
         Hand axe          |       |     1 |    43 |       |       ||    44
 Invoke: Slouch            |       |     1 |     1 |    19 |     5 ||    26
    Use: Potion            |     1 |       |     3 |     5 |     7 ||    16
 Armour: Scale mail        |    10 |     7 |    14 |       |       ||    31
         Chain mail        |       |       |     7 |    14 |       ||    21
         Swamp dragon scal |       |       |       |    17 |    11 ||    28
  Dodge: Dodged            |     7 |     3 |    40 |    88 |    39 ||   177
  Block: Buckler           |       |     2 |    25 |    55 |    18 ||   100

Table legend: (Time is in decaauts)
 A = Elapsed time spent in this place.
 B = Non-inter-level travel time spent in this place.
 C = Inter-level travel time spent in this place.
 D = Time resting spent in this place.
 E = Time spent auto-exploring this place.
 F = Levels seen in this place.
 G = Mean time per level.
                   A        B        C        D        E       F      G
               +--------+--------+--------+--------+--------+-----+--------+
         Total |   4232 |   4128 |    104 |   2824 |      0 |   1 | 4232.0 |
       Dungeon |   4232 |   4128 |    104 |   2824 |      0 |   1 | 4232.0 |
               +--------+--------+--------+--------+--------+-----+--------+

Top non-repeatable levels by time:
       D: 4232 daAuts
